 Dungeon Crawl Stone Soup version 0.27-a0-460-g297a19dbdb (webtiles) character file.

Game seed: 1699211436013280530

3453 sanka the Covert (level 9, 0/51 HPs)
             Began as a Vampire Enchanter on Feb 28, 2021.
             Was a Priest of Ru.
             Slain by an ogre
             ... wielding a +0 giant spiked club
              (22 damage)
             ... while paralysed by an orc
             ... on level 9 of the Dungeon.
             The game lasted 00:24:05 (11036 turns).

sanka the Covert (Vampire Enchanter)               Turns: 11036, Time: 00:24:05

Health: 0/51       AC:  6    Str:  7    XL:     9   Next: 78%
Magic:  9/15       EV:  2    Int: 24    God:    Ru [***...]
Gold:   510        SH:  0    Dex: 17    Spells: 7/16 levels left

rFire    x . .     SeeInvis +   a - +1 dagger
rCold    + . .     Faith    .   (no shield)
rNeg     + + +     Spirit   .   D - +0 robe {Archmagi}
rPois    ∞         Reflect  .   (no helmet)
rElec    .         Harm     .   (no cloak)
rCorr    .         Rampage  .   (no gloves)
Will     .....                  (no boots)
Stlth    +++++++...             c - amulet of the acrobat
HPRegen  0.00/turn              h - +4 ring of protection
MPRegen  0.14/turn              v - +6 ring of intelligence

@: paralysed, bloodless
A: fangs 3, see invisible, unbreathing, no potion heal 1, temperature sensitive
a: Bat Form, Revivify, Renounce Religion, Draw Out Power


You were on level 9 of the Dungeon.
You worshipped Ru.
Ru was most pleased with you.
You visited 1 branch of the dungeon, and saw 9 of its levels.

You collected 510 gold pieces.


Innate Abilities, Weirdness & Mutations

You do not regenerate when monsters are visible.
You are frail without blood (-20% HP).
You can heal yourself when you bite living creatures.
You are immune to poison.
You have razor-sharp teeth.
You have supernaturally acute eyesight. (SInv)
You can survive without breathing.
Potions are less effective at restoring your health.
You are sensitive to extremes of temperature. (rF-, rC-)


   Skills:
 + Level 3.6 Fighting
 + Level 4.9 Short Blades
 + Level 9.2 Dodging
 + Level 10.3 Stealth
 - Level 4.0 Spellcasting
 + Level 10.0 Hexes


You had 7 spell levels left.
You knew the following spells:

 Your Spells              Type           Power        Failure   Level
c - Tukima's Dance        Hex            68%          1%          3
x - Confusing Touch       Hex            68%          1%          3
z - Ensorcelled Hibernat  Hex/Ice        86%          1%          2
Z - Corona                Hex            75%          1%          1

Your spell library contained the following spells:

 Spells                   Type           Power        Failure   Level
 Dazzling Flash           Conj/Hex       86%          3%          3
 Animate Skeleton         Necr           14%          10%         1
 Apportation              Tloc           14%          10%         1
 Beastly Appendage        Tmut           14%          10%         1
 Summon Small Mammal      Summ           28%          10%         1
 Wereblood                Tmut           7%           14%         2
 Spider Form              Tmut/Pois      3%           28%         3
 Ice Form                 Ice/Tmut       7%           67%         4
 Blade Hands              Tmut           3%           95%         5

Inventory:

Hand Weapons
 a - a +1 dagger (weapon)
 b - a +1 short sword of draining
 u - a +0 war axe
 F - a +4 dagger of chaos
 G - a +3 great sword
Missiles
 A - 2 throwing nets {=f}
Armour
 D - a +0 robe of the Archmagi (worn)
Jewellery
 c - an amulet of the acrobat (around neck)
 h - a +4 ring of protection (left hand)
 v - a +6 ring of intelligence (right hand)
Wands
 r - a wand of random effects (25)
 s - a wand of digging (4)
 w - a wand of acid (4)
 y - a wand of polymorph (13)
 C - a wand of flame (21)
Scrolls
 f - 3 scrolls of fear
 j - a scroll of blinking
 m - 3 scrolls of teleportation {@r4}
 p - 2 scrolls of magic mapping
 q - 2 scrolls of amnesia
 x - 3 scrolls of enchant weapon
 B - a scroll of immolation {!r}
 E - a scroll of holy word {unknown}
 H - a scroll of identify {@r1}
Potions
 d - 3 potions of magic
 e - 3 potions of mutation {!q}
 g - a potion of flight {unknown}
 i - 2 potions of curing {@q1}
 k - 5 potions of brilliance
 l - a potion of lignification {unknown}
 n - 3 potions of attraction {!q}
 o - 4 potions of might
 t - a potion of ambrosia {unknown}
 z - 2 potions of degeneration {unknown}

Dungeon Overview and Level Annotations

Branches:
Dungeon (9/15)             Temple (0/1) D:5             Orc (0/2) D:9
   Lair: D:8-11

Altars:
Cheibriados
Kikubaaqudgha
Nemelex Xobeh
Okawaru
Qazlal
Ru
Sif Muna
Trog
Uskayaw
Vehumet
Wu Jian

.>..........▒▒..▒▒▒
........[...▒▒....▒
.................<▒▒▒▒▒▒
.....................)<▒
..........▒▒........<▒▒▒
........oO▒▒......▒▒.▒
.....▒▒.............▒▒
▒..£.▒▒..O..........▒
▒.........V.........▒
........).W...?..▒▒▒▒▒
▒▒▒....▒▒▒▒▒....▒▒▒▒▒▒
....... ▒....▒▒▒▒▒▒
....... ▒.....▒▒▒▒▒..
....... .........▒▒▒..▒
......................▒
...................▒...
................(.▒.F.▒


You could see a two-headed ogre, a phantom (confused), an ogre and an orc.


Message History

You bite the ice beast, but do no damage.
You hit the ice beast but do no damage. The phantom closely misses you.
You catch the helpless ice beast completely off-guard!
You impale the ice beast!!
You kill the ice beast!
The phantom misses you.
Your Hexes skill increases to level 10!
The phantom hits you but does no damage.
Your hands begin to glow red.
The phantom completely misses you.
You hit the phantom but do no damage.
The phantom appears confused.
Your bite misses the phantom.
A two-headed ogre comes into view. It is wielding two +0 giant clubs.
The phantom completely misses you.
The two-headed ogre shouts in stereo!
You hit the phantom but do no damage.
The orc zaps a wand.
You suddenly lose the ability to move!
The orc zaps a wand.
You easily resist.
The phantom hits you but does no damage.
The ogre hits you with a +0 giant spiked club!!
Ouch! That really hurt!
* * * LOW HITPOINT WARNING * * *
You redirect the phantom's attack!
The phantom hits itself.
The ogre hits you with a +0 giant spiked club!!
You die...

Action                   |  1- 3 |  4- 6 |  7- 9 || total
-------------------------+-------+-------+-------++-------
Melee: Dagger            |    82 |    72 |   263 ||   417
       Bite              |     3 |     2 |    27 ||    32
       Short sword       |       |       |    28 ||    28
 Cast: Ensorcelled Hiber |    21 |    22 |    94 ||   137
       Confusing Touch   |       |     4 |    24 ||    28
Invok: Sacrifice Resista |       |     1 |       ||     1
       Sacrifice Purity  |       |       |     1 ||     1
       Reject Sacrifices |       |       |     1 ||     1
 Abil: Exsanguinate      |     1 |       |       ||     1
  Use: Potion            |       |       |     1 ||     1
       Scroll            |       |       |    13 ||    13
 Stab: Sleeping          |    36 |    26 |    84 ||   146
       Confused          |       |     5 |    19 ||    24
       Distracted        |       |       |     2 ||     2
       Invisible         |       |       |     3 ||     3
Armor: Robe              |    12 |    14 |    16 ||    42
Dodge: Dodged            |    34 |    40 |   211 ||   285

Levels and vault maps discovered:
D:1:      scummos_arrival_simple_crosswalls, layout_loops_corners
D:2:      layout_loops_cross, grunt_temple_overflow_open, uniq_natasha
D:3:      layout_basic, old_standard_altar, bloody_trog, uniq_terence,
          uniq_grinder
D:4:      layout_rooms, grunt_temple_overflow_magic_moments,
          guppyfry_early_lair_pool
D:5:      layout_loops_corners, overflow_temple_1_default, temple_fountains
D:6:      layout_rooms
D:7:      layout_basic, cheibriados_altar_1, kennysheep_generic_room_3,
          uniq_duvessa
D:8:      layout_gridville, eat_drink_and_be_merry_uskayaw, uniq_psyche
D:9:      layout_big_octagon, general_overflow_altar, erik_orc_4, serial_shops,
          shop, basic_altar

Notes
Turn   | Place    | Note
-------+----------+-------------------------------------------
     0 | D:1      | sanka the Vampire Enchanter began the quest for the Orb.
     0 | D:1      | Reached XP level 1. HP: 13/13 MP: 3/3
   108 | D:1      | Reached skill level 5 in Stealth
   124 | D:1      | Reached XP level 2. HP: 14/15 MP: 5/5
   132 | D:1      | Learned a level 2 spell: Ensorcelled Hibernation
   746 | D:1      | Reached skill level 6 in Stealth
   911 | D:1      | Reached XP level 3. HP: 18/19 MP: 3/6
  1019 | D:1      | Learned a level 3 spell: Confusing Touch
  1052 | D:2      | Reached skill level 5 in Hexes
  1651 | D:2      | Found a sacrificial altar of Ru.
  1652 | D:2      | Found a sparkling altar of Nemelex Xobeh.
  1652 | D:2      | Found a stormy altar of Qazlal.
  1734 | D:2      | Became a worshipper of Ru the Awakened
  1881 | D:2      | Noticed Natasha
  1889 | D:2      | Killed Natasha
  1890 | D:2      | Reached XP level 4. HP: 24/24 MP: 7/7
  2006 | D:2      | Reached skill level 7 in Stealth
  2006 | D:2      | Reached skill level 6 in Hexes
  2137 | D:3      | Noticed a bullfrog
  2143 | D:3      | Killed a bullfrog
  2144 | D:3      | Reached XP level 5. HP: 28/28 MP: 8/8
  2437 | D:3      | Noticed Terence
  2452 | D:3      | Killed Terence
  2453 | D:3      | Reached skill level 8 in Stealth
  2499 | D:3      | Reached skill level 7 in Hexes
  2875 | D:3      | Found an ornate altar of the Wu Jian Council.
  3237 | D:3      | Found a bloodstained altar of Trog.
  3238 | D:3      | Noticed Grinder
  3278 | D:2      | Noticed Natasha
  3441 | D:2      | Killed Natasha
  3442 | D:2      | Reached XP level 6. HP: 21/32 MP: 1/9
  3484 | D:2      | Noticed Natasha
  3590 | D:2      | Killed Natasha
  3805 | D:2      | Found a sacrificial altar of Ru.
  3806 | D:2      | Found a sparkling altar of Nemelex Xobeh.
  3806 | D:2      | Found a stormy altar of Qazlal.
  4169 | D:3      | Killed Grinder
  4170 | D:3      | Reached skill level 4 in Dodging
  4170 | D:3      | Reached skill level 8 in Hexes
  4343 | D:3      | Gained mutation: You are sensitive to extremes of
                  | temperature. (rF-, rC-) [Ru sacrifice]
  4343 | D:3      | Reached * piety under Ru
  4343 | D:3      | Reached ** piety under Ru
  4434 | D:4      | Reached XP level 7. HP: 36/36 MP: 3/10
  4570 | D:4      | Reached skill level 5 in Dodging
  4714 | D:4      | Learned a level 3 spell: Tukima's Dance
  4945 | D:4      | Reached skill level 6 in Dodging
  5150 | D:4      | Found a radiant altar of Vehumet.
  5150 | D:4      | Found an ancient bone altar of Kikubaaqudgha.
  5151 | D:4      | Found a shimmering blue altar of Sif Muna.
  5213 | D:4      | Identified Kikubaaqudgha's Guide on Dark Rites
  5488 | D:5      | Entered Level 5 of the Dungeon
  6041 | D:5      | Found an iron altar of Okawaru.
  6272 | D:5      | Reached skill level 7 in Dodging
  6292 | D:5      | Found a staircase to the Ecumenical Temple.
  7010 | D:5      | Reached skill level 8 in Dodging
  7010 | D:5      | Reached XP level 8. HP: 41/41 MP: 7/11
  7136 | D:6      | Reached skill level 2 in Short Blades
  7425 | D:6      | Reached skill level 1 in Fighting
  7466 | D:6      | Gained mutation: Potions are less effective at restoring
                  | your health. [Ru sacrifice]
  7466 | D:6      | Reached *** piety under Ru
  8106 | D:7      | Found a snail-covered altar of Cheibriados.
  8173 | D:7      | Reached skill level 3 in Short Blades
  8185 | D:7      | HP: 3/44 [orc/+0 trident of protection (6)]
  8573 | D:7      | Reached skill level 2 in Fighting
  8604 | D:7      | Reached skill level 9 in Stealth
  8604 | D:7      | Reached skill level 3 in Spellcasting
  8953 | D:7      | Reached skill level 9 in Hexes
  8953 | D:7      | Reached XP level 9. HP: 36/48 MP: 10/13
  9031 | D:7      | Noticed Duvessa
  9033 | D:7      | Noticed Dowan
  9041 | D:7      | Killed Duvessa
  9057 | D:7      | Killed Dowan
  9730 | D:8      | Reached skill level 4 in Short Blades
  9822 | D:8      | Found a hide-covered altar of Uskayaw.
 10095 | D:8      | Identified a +0 robe of the Archmagi
 10095 | D:8      | Noticed Psyche
 10099 | D:8      | Killed Psyche
 10100 | D:8      | Reached skill level 3 in Fighting
 10389 | D:8      | Reached skill level 9 in Dodging
 10447 | D:8      | Reached skill level 10 in Stealth
 10791 | D:9      | Found a staircase to the Orcish Mines.
 10796 | D:9      | Reached skill level 4 in Spellcasting
 11025 | D:9      | Reached skill level 10 in Hexes
 11031 | D:9      | Noticed a two-headed ogre
 11032 | D:9      | Paralysed by an orc for 5 turns
 11036 | D:9      | Slain by an ogre

Vanquished Creatures
  Psyche (D:8)
  Grinder (D:3)
  Duvessa (D:7)
  A black bear (D:8)
  3 orc warriors
  2 ice beasts
  An ogre (D:4)
  4 centaurs
  A phantom (D:7)
  4 bullfrogs
  Dowan (D:7)
  2 scorpions
  4 wights (D:8)
  A howler monkey (D:6)
  3 bullfrog zombies
  3 hounds
  7 orc priests
  A bullfrog skeleton (D:8)
  A gnoll shaman (D:7)
  A centaur skeleton (D:5)
  Terence (D:3)
  3 iguanas
  6 orc wizards
  3 worker ants
  Natasha (thrice) (D:2)
  A hound skeleton (D:6)
  A howler monkey zombie (D:6)
  A worker ant zombie (D:5)
  13 adders
  8 gnolls
  A howler monkey skeleton (D:7)
  4 white imps (D:5)
  2 oozes
  2 adder skeletons
  2 worms
  A dart slug (D:2)
  4 leopard geckos
  26 orcs
  3 ball pythons
  7 giant cockroaches
  9 goblins
  13 hobgoblins
  5 jackals
  8 kobolds
  5 quokkas
  6 bats
  12 frilled lizards
  A giant cockroach zombie (D:5)
  A leopard gecko skeleton (D:5)
  6 rats
201 creatures vanquished.

Vanquished Creatures (others)
  A plant (D:4)
1 creature vanquished.

Grand Total: 202 creatures vanquished
